 Dungeon Crawl Stone Soup version 0.28-a0-1312-g71652a0310 (webtiles) character file.

Game seed: 3242051559379811297

128 Inchronoth the Skirmisher (level 5, -1/47 HPs)
             Began as a Hill Orc Fighter on Dec 27, 2021.
             Slain by a water moccasin (7 damage)
             ... on level 6 of the Dungeon.
             The game lasted 00:29:01 (2907 turns).

Inchronoth the Skirmisher (Hill Orc Fighter)        Turns: 2907, Time: 00:29:14

Health: -1/47      AC: 11    Str: 27    XL:     5   Next: 12%
Magic:  6/6        EV:  7    Int:  8    God:
Gold:   185        SH:  4    Dex: 10    Spells: 4/4 levels left

rFire   . . .      SeeInvis .   a - +0 war axe
rCold   . . .      Faith    .   c - +0 buckler
rNeg    . . .      Spirit   .   h - +0 plate armour
rPois   .          Reflect  .   (no helmet)
rElec   .          Harm     .   (no cloak)
rCorr   .          Rampage  .   (no gloves)
Will    .....                   (no boots)
Stlth   ..........              (no amulet)
HPRegen 0.15/turn               u - +6 ring of strength
MPRegen 0.10/turn               (no ring)

@: lethally poisoned (-1 -> -12)
A: no striking features
a: no special abilities


You were on level 6 of the Dungeon.
You visited 1 branch of the dungeon, and saw 4 of its levels.

You collected 185 gold pieces.

Inventory:

Hand Weapons
 a - a +0 war axe (weapon)
Missiles
 n - 20 poisoned darts (quivered)
Armour
 c - a +0 buckler (worn)
 h - a +0 plate armour (worn)
Jewellery
 r - a ring of magical power
 u - a +6 ring of strength (left hand)
Wands
 f - a wand of mindburst (15)
Scrolls
 b - a scroll of noise {unknown}
 e - a scroll of teleportation {unknown}
 j - a scroll of enchant armour {unknown}
 k - a scroll of vulnerability {unknown}
 l - a scroll of amnesia {unknown}
 q - a scroll of identify {unknown}
 s - a scroll of blinking {unknown}
 t - a scroll of enchant weapon {unknown}
 v - a scroll of immolation {unknown}
Potions
 d - a potion of might
 g - 2 potions of haste {unknown}
 i - 2 potions of degeneration {unknown}
 m - 2 potions of curing {unknown}
 o - 2 potions of heal wounds {unknown}
 p - 2 potions of magic


   Skills:
 + Level 4.6 Fighting
 + Level 4.0 Axes
 + Level 4.1 Armour
 + Level 3.4 Shields
 + Level 2.5 Invocations


You had 4 spell levels left.
You didn't know any spells.
Your spell library contained the following spells:

 Spells                   Type           Power      Damage    Failure   Level
 Animate Skeleton         Necr           0%         N/A       99%         1
 Pain                     Necr           0%         1d4       99%         1
 Sublimation of Blood     Necr           0%         N/A       100%        2
 Wereblood                Tmut           0%         N/A       100%        2
 Vampiric Draining        Necr           0%         2d6       100%        3
 Summon Hydra             Summ           0%         N/A       100%        7


Dungeon Overview and Level Annotations

Branches:
Dungeon (3/15)

Altars:
Zin


Message History

You closely miss the water moccasin.
The water moccasin is lightly wounded.
The water moccasin bites you but does no damage. x2
You slash the water moccasin!
The water moccasin is moderately wounded.
The water moccasin bites you.
You are poisoned.
The water moccasin poisons you!
The water moccasin bites you but does no damage.
Your plate armour prevents you from hitting the water moccasin.
The water moccasin is moderately wounded.
You feel very sick. The water moccasin barely misses you.
You block the water moccasin's attack.
You completely miss the water moccasin.
The water moccasin is moderately wounded.
You feel very sick.
The water moccasin bites you but does no damage.
You block the water moccasin's attack.
You slash the water moccasin!
The water moccasin is severely wounded.
You feel sick. The water moccasin bites you.
You are lethally poisoned!
The water moccasin poisons you!
Aiming: Mindburst
Press: ? - help, Shift-Dir - straight line, f - water moccasin
Aim: a water moccasin (severely wounded, chance to affect: 64%)
Okay, then.
You closely miss the water moccasin.
The water moccasin is severely wounded.
* * * LOW HITPOINT WARNING * * *
You feel very sick.
The water moccasin bites you but does no damage.
The water moccasin closely misses you.
It was a potion of magic.
Magic courses through your body.
* * * LOW HITPOINT WARNING * * *
You feel very sick. The water moccasin bites you.
* * * LOW HITPOINT WARNING * * *
The water moccasin bites you!
You die...

###.$.. ###..........
#.............
#.............##
#..............#
#..............##
#......^.......#
#@.............#
##S............##
##.#.............#
##..##............#
###S.####.....[.....#
#...## ##..........#
#.......#
##......####
..........# ########
..##...(...#


You could see a water moccasin.

Vanquished Creatures
  4 gnolls (D:2)
  5 adders (D:2)
  A worm (D:2)
  2 dart slugs
  An orc (D:3)
  2 ball pythons (D:1)
  4 endoplasms
  A giant cockroach (D:2)
  5 goblins
  3 hobgoblins (D:3)
  A quokka (D:3)
  3 bats
  5 frilled lizards
  A kobold (D:1)
  5 rats
43 creatures vanquished.

Notes
Turn   | Place    | Note
-------+----------+-------------------------------------------
     0 | D:1      | Inchronoth the Hill Orc Fighter began the quest for the
                  | Orb.
     0 | D:1      | Reached XP level 1. HP: 19/19 MP: 1/1
    49 | D:1      | Found a faded altar of an unknown god.
   205 | D:1      | Reached XP level 2. HP: 23/27 MP: 2/2
  1111 | D:2      | Reached skill level 1 in Invocations
  1140 | D:2      | Reached XP level 3. HP: 32/33 MP: 3/3
  1375 | D:2      | Reached XP level 4. HP: 18/40 MP: 5/5
  2168 | D:3      | Found a glowing silver altar of Zin.
  2376 | D:3      | Reached XP level 5. HP: 47/47 MP: 6/6
  2872 | D:3      | You fall into a shaft and drop 3 floors!
  2889 | D:6      | Noticed a water moccasin
  2907 | D:6      | Slain by a water moccasin

Illustrated notes

Levels and vault maps discovered:
D:1:      saegor_arrival_simple_b, layout_loops_ring,
          hellmonk_ecumenical_altar_lost_god
D:2:      layout_basic
D:3:      minmay_razor_zed, layout_basic, mainiacjoe_overflow_tiny_flanked,
          mainiacjoe_overflow_surrounded_room,
          yredelemnul_forgotten_temple_becter, minmay_crystal_room
D:6:      layout_cave_pods, riverfiend_overflow_shadow_ancestor,
          lemuel_crystal_altar, hex_tiny, kennysheep_generic_room_8

Skill      XL: |  1  2  3  4 |
---------------+-------------+-----
Axes           | 3 4 |  4.0
Fighting       | 4 |  4.6
Invocations    | 1 2 |  2.5
Armour         | 4 |  4.1
Shields        | |  3.4

Action                   |  1- 3 |  4- 6 || total
-------------------------+-------+-------++-------
Melee: War axe           |    67 |    80 ||   147
  Use: Potion            |       |     1 ||     1
Armor: Scale mail        |    14 |       ||    14
       Plate armour      |    23 |    67 ||    90
Dodge: Dodged            |    17 |    34 ||    51
Block: Buckler           |    11 |    14 ||    25

Table legend: (Time is in decaauts)
 A = Elapsed time spent in this place.
 B = Non-inter-level travel time spent in this place.
 C = Inter-level travel time spent in this place.
 D = Time resting spent in this place.
 E = Time spent auto-exploring this place.
 F = Levels seen in this place.
 G = Mean time per level.
                   A        B        C        D        E       F      G
               +--------+--------+--------+--------+--------+-----+--------+
         Total |   2957 |   2388 |    569 |      0 |   1680 |   4 |  739.2 |
       Dungeon |   2957 |   2388 |    569 |      0 |   1680 |   4 |  739.2 |
               +--------+--------+--------+--------+--------+-----+--------+

Top non-repeatable levels by time:
     D:1: 1293 daAuts
     D:2: 815 daAuts
     D:3: 810 daAuts
     D:6: 37 daAuts
